 Dungeon Crawl Stone Soup version 0.20-a0-754-g13ddd6e (webtiles) character file.

122137 Gorglomux the Axe Maniac (level 16, -5/122 HPs)
             Began as a Hill Orc Fighter on Feb 25, 2017.
             Was a High Priest of Beogh.
             Shot with a bolt by a naga sharpshooter (25 damage)
             ... led by Vashnia
             ... on level 3 of the Snake Pit on Feb 26, 2017.
             The game lasted 01:35:42 (27355 turns).

Gorglomux the Axe Maniac (Hill Orc Fighter)        Turns: 27355, Time: 01:35:43

Health: -5/122     AC: 18    Str: 31    XL:     16   Next: 86%
Magic:  30/30      EV: 11    Int:  8    God:    Beogh [*****.]
Gold:   2000       SH:  0    Dex: 13    Spells: 15/15 levels left

rFire    + . .     SeeInvis +   i - +9 executioner's axe of Tittaleno {drain, Fragile rF++ Str+5}
rCold    + + +     Gourm    .   u - +5 ice dragon scales
rNeg     . . .     Faith    .   (shield currently unavailable)
rPois    .         Spirit   .   (no helmet)
rElec    .         Reflect  .   H - scarf {rC+}
rCorr    .         Harm     .   y - +0 pair of fencer's gloves {+Riposte Dex+3}
MR       +....                  c - +1 pair of boots
Stlth    ..........             r - amulet of regeneration
Regen    0.7/turn               s - ring of see invisible
MPRegen  0.3/turn               n - +1 ring of evasion

@: lethally poisoned (-5 -> -9)
A: walk on water
a: Smiting, Recall Orcish Followers, Give Item to Named Follower, Renounce
Religion


You were on level 3 of the Snake Pit.
You worshipped Beogh.
Beogh was extremely pleased with you.
You were hungry.

You visited 4 branches of the dungeon, and saw 26 of its levels.
You also visited: Labyrinth, Sewer and Ice Cave.

You collected 3001 gold pieces.
You spent 1001 gold pieces at shops.

Inventory:

Hand Weapons
 i - the +9 executioner's axe of Tittaleno (weapon) {drain, Fragile rF++ Str+5}
   (You acquired it on level 2 of the Lair of Beasts)

   A truly terrible weapon, it drains the life of those it strikes.
   It affects your strength (+5).
   It greatly protects you from fire.
   It will be destroyed if unequipped.
Missiles
 Z - 4 throwing nets (quivered)
Armour
 c - a +1 pair of boots (worn)
 u - +5 ice dragon scales (worn)
 y - the +0 pair of fencer's gloves (worn) {+Riposte Dex+3}
   (You found it in an ice cave)

   It affects your dexterity (+3).
 H - a scarf of cold resistance (worn)
Jewellery
 g - an uncursed ring of resist corrosion
 n - a +1 ring of evasion (left hand)
 r - an amulet of regeneration (around neck)
 s - a ring of see invisible (right hand)
Wands
 A - a wand of acid (6/15)
 D - a wand of digging (19/24)
 E - a wand of lightning (3/15)
 I - a wand of iceblast (7/15)
 L - a wand of lightning (8/15)
Scrolls
 b - a scroll of silence
 j - a scroll of holy word
 x - 6 scrolls of recharging
 B - 9 scrolls of blinking
 M - 2 scrolls of magic mapping
 N - 7 scrolls of remove curse
 Q - 2 scrolls of fear
 R - 11 scrolls of identify
 S - 8 scrolls of fog
 T - 16 scrolls of teleportation
Potions
 a - 4 potions of magic
 d - 8 potions of might
 l - 6 potions of cancellation
 m - a potion of mutation
 v - 15 potions of curing
 C - 4 potions of invisibility
 F - 7 potions of agility
 G - 2 potions of resistance
 J - 5 potions of brilliance
 K - 5 potions of heal wounds
 U - 4 potions of haste
 Y - a potion of ambrosia
Miscellaneous
 V - a phantom mirror
 X - a phial of floods
Comestibles
 f - 16 bread rations
 o - 29 royal jellies
 w - 13 meat rations
 O - 2 fruits


   Skills:
 + Level 5.9 Fighting
 O Level 27 Axes
 - Level 4.0 Armour
 - Level 1.2 Dodging
   Level 3.9 Shields
 - Level 20.0 Invocations


You had 15 spell levels left.
You didn't know any spells.

Dungeon Overview and Level Annotations

Branches:
Dungeon (15/15)            Temple (0/1) D:6            Lair (6/6) D:10
  Swamp (0/4) Lair:2        Snake (3/4) Lair:3        Slime (0/5) Lair:6
    Orc (2/2) D:12            Elf (0/3) Orc:2        Vaults (0/5) D:13
 Depths (0/5) D:15

Altars:
Cheibriados
Makhleb
Okawaru
Qazlal
Sif Muna
Trog
Uskayaw
Yredelemnul
Beogh

Shops:
D:6 ?   D:8 *   D:11 ((*   Orc:2 ([}[   Snake:2 %?   Snake:3 ?


Message History

You feel sick.
The naga sharpshooter shoots a bolt.
The bolt hits you!!
* * * LOW HITPOINT WARNING * * *
You feel much better.
You feel sick.
Korbok no longer looks unusually strong.
Urug no longer looks unusually strong.
The naga sharpshooter spits poison at you.
The splash of poison misses you.
The splash of poison hits Arbeogh.
Arbeogh appears unharmed.
Aiming: Smiting
Press: ? - help, Dir - move target cursor, f - naga sharpshooter Smite: a naga sharpshooter, wielding an arbalest (catching its breath)
Okay, then.
You feel sick. The naga spits poison at you. The splash of poison hits you!
You are more poisoned.
Your orc knight roars a battlecry!
Urug goes into a battle-frenzy!
The naga sharpshooter shoots a bolt.
The bolt hits you!!
You die...

........## #........##
# ###.......##.
..........#..
#######..........
#oo.o.o..........
##.ooo(.$(....∩...
#ooo(o(...........
#@#ooo.........###
#.....NN##o.........##
###...#####........##
##.. ##....(.## #..
#.....## .... #######
#..# #.#


You could see a naga sharpshooter, a naga, 7 friendly orc knights, the friendly
Arbeogh the orc knight, the friendly Ugrim the orc knight, the friendly Urug and
a friendly orc warrior.

Vanquished Creatures
  Jorgrun (Snake:3)
  Roxanne (D:15)
  Donald (Snake:2)
  A minotaur (Lab)
  5 hydras
  2 naga warriors
  A catoblepas (Lair:6)
  6 two-headed ogres
  2 centaur warriors (D:14)
  3 anacondas
  An ogre mage (D:15)
  2 death yaks
  2 orc high priests (Orc:2)
  3 naga sharpshooters
  2 shock serpents (Snake:1)
  Sonja (D:13)
  4 skeletal warriors
  A naga ritualist (Snake:2)
  3 unseen horrors
  A wizard (D:13)
  2 orc knights (Orc:2)
  An obsidian statue (D:15)
  2 wolf spider zombies (D:14)
  A deep elf mage (D:14)
  2 necromancers
  3 mana vipers
  8 ugly things
  A cyclops (D:14)
  A salamander (Snake:1)
  2 manticores
  2 orc sorcerers (Orc:2)
  2 elephants (Lair:6)
  7 centaur zombies
  An ice statue (IceCv)
  15 black mambas
  6 naga magi
  6 spiny frogs
  A gargoyle (D:8)
  An efreet (D:14)
  2 komodo dragons
  10 freezing wraiths (IceCv)
  2 rime drakes
  2 hellwings (D:7)
  A queen bee (D:15)
  A troll (D:9)
  7 polar bears
  5 meliai
  4 blink frogs
  A slime creature (D:15)
  2 raiju (Lair:6)
  2 dream sheep (Lair:6)
  11 hippogriffs
  A vampire (D:11)
  A shadow (D:11)
  9 yaks
  2 wyverns (D:13)
  4 basilisks
  8 vampire mosquitoes
  11 humans (D:13)
  6 wargs
  17 nagas
  An acid dragon (D:15)
  8 water moccasins
  3 porcupines
  8 hell hounds (Lair:6)
  12 orc warriors
  A hornet zombie (D:8)
  8 ice beasts
  3 sky beasts
  An alligator simulacrum (IceCv)
  12 black bears
  A phantom (D:13)
  A necrophage (D:7)
  12 ogres
  3 centaurs
  24 wolves
  3 big kobolds
  9 crocodiles
  14 bullfrogs
  A wyvern zombie (D:7)
  A wyvern skeleton (D:13)
  4 wights
  10 killer bees
  3 scorpions
  An elephant simulacrum (IceCv)
  4 howler monkeys
  5 crimson imps
  A draconian simulacrum (IceCv)
  7 human zombies (D:7)
  8 hounds
  9 jellies
  A gnoll shaman (D:4)
  11 orc priests
  10 orc wizards
  9 centaur skeletons
  2 iguanas
  5 troll simulacra (IceCv)
  7 worker ants
  6 hell rats
  2 polar bear simulacra (IceCv)
  3 spriggan simulacra (IceCv)
  A killer bee zombie (D:8)
  4 centaur simulacra
  A worker ant zombie (D:8)
  9 gnolls
  5 river rats
  14 adders
  5 naga simulacra (IceCv)
  3 ogre simulacra (IceCv)
  6 shadow imps
  12 white imps (IceCv)
  8 oozes
  An adder skeleton (D:8)
  3 worms (D:2)
  2 dart slugs (D:2)
  9 leopard geckos
  32 orcs
  3 bats (D:3)
  11 giant cockroaches
  7 goblins
  10 hobgoblins
  9 jackals
  22 kobolds
  10 quokkas
  12 ball pythons
  5 frilled lizards
  A leopard gecko skeleton (D:9)
  An orc zombie (D:7)
  A quokka zombie (D:9)
  34 rats
  3 fungi
  3 plants
697 creatures vanquished.

Vanquished Creatures (collateral kills)
  Rupert (D:15)
  Aizul (Snake:3)
  An orc warlord (Orc:1)
  The ghost of CcS the Imperceptible, an adept SpEn of Wu Jian (Snake:3)
  A dire elephant (D:15)
  Harold (Orc:1)
  A vault guard (D:13)
  3 naga warriors
  A hydra (Lair:4)
  A catoblepas (Lair:4)
  A centaur warrior (D:15)
  5 two-headed ogres
  4 anacondas
  9 death yaks
  2 naga sharpshooters
  Urug (D:13)
  An orc high priest (Orc:2)
  2 skeletal warriors (D:15)
  A wizard (D:13)
  2 naga ritualists
  A wolf spider zombie (D:15)
  2 necromancers (D:13)
  6 ugly things
  2 orc sorcerers (Orc:2)
  2 mana vipers
  A wolf spider (D:15)
  A salamander (Snake:1)
  A cyclops (Orc:1)
  3 manticores
  2 guardian serpents (Snake:3)
  4 elephants (Lair:6)
  9 black mambas
  Psyche (D:8)
  A torpor snail (Lair:6)
  A gargoyle (D:12)
  9 naga magi
  A centaur skeleton (D:12)
  3 spiny frogs
  2 komodo dragons
  2 rime drakes
  4 trolls
  4 meliai
  7 polar bears
  4 blink frogs
  A merfolk (D:15)
  A slime creature (D:15)
  2 raiju (Lair:6)
  3 dream sheep
  4 hippogriffs
  10 yaks
  A hog (D:10)
  8 humans (D:13)
  A hungry ghost (D:8)
  A basilisk (Lair:2)
  4 vampire mosquitoes
  3 insubstantial wisps (Lair:2)
  An acid dragon (D:11)
  9 nagas
  6 wargs
  5 hell hounds (Lair:6)
  2 water moccasins
  5 porcupines
  6 black bears
  18 orc warriors
  4 ogres
  A phantom (D:14)
  9 wolves
  5 crocodiles
  5 bullfrogs
  A wyvern skeleton (D:14)
  5 killer bees
  2 crimson imps
  A bullfrog zombie (D:8)
  A quasit (D:12)
  2 centaur zombies
  6 jellies
  5 orc priests
  3 hounds
  7 orc wizards
  3 iguanas
  A hell rat (Lair:3)
  2 worker ants
  An adder (D:8)
  A shadow imp (D:14)
  An ooze (D:10)
  18 orcs
  2 goblins (D:12)
  A hobgoblin (D:12)
  2 kobolds (D:9)
  A ball python (D:8)
  A quokka zombie (D:8)
  5 bushes
  A butterfly (Lair:2)
  53 fungi
  73 plants
427 creatures vanquished.

Vanquished Creatures (others)
  An orc high priest (Orc:2)
  13 orc warriors
  5 orc knights
  An orc sorcerer (D:13)
  A warg (Orc:2)
  15 orc priests
  22 orc wizards
  74 orcs
  A fungus (Lair:6)
  10 plants (Lair:6)
143 creatures vanquished.

Grand Total: 1267 creatures vanquished

Notes
Turn   | Place    | Note
-------+----------+-------------------------------------------
     0 | D:1      | Gorglomux the Hill Orc Fighter began the quest for the Orb.
     0 | D:1      | Reached XP level 1. HP: 19/19 MP: 1/1
    31 | D:1      | Reached skill level 3 in Axes
    59 | D:1      | Reached XP level 2. HP: 17/26 MP: 2/2
   265 | D:1      | Reached skill level 4 in Axes
   772 | D:2      | Reached XP level 3. HP: 31/31 MP: 3/3
   997 | D:2      | Reached skill level 5 in Axes
  1189 | D:2      | Reached XP level 4. HP: 39/39 MP: 4/4
  1431 | D:2      | Reached skill level 6 in Axes
  2002 | D:3      | Found a burning altar of Makhleb.
  2002 | D:3      | Noticed a balrug
  2005 | D:3      | Noticed a smoke demon
  2005 | D:3      | Noticed a neqoxec
  2059 | D:3      | Reached XP level 5. HP: 45/45 MP: 5/5
  2158 | D:3      | Found a stormy altar of Qazlal.
  2158 | D:3      | Found a bloodstained altar of Trog.
  2479 | D:4      | Reached skill level 7 in Axes
  2487 | D:4      | Reached skill level 8 in Axes
  2487 | D:4      | Reached XP level 6. HP: 23/51 MP: 1/6
  2643 | D:4      | Became a worshipper of Beogh the Brigand
  3135 | D:4      | Reached skill level 9 in Axes
  3293 | D:5      | Entered Level 5 of the Dungeon
  3642 | D:5      | Found a glowing drain.
  3646 | Sewer    | Entered a sewer
  3807 | Sewer    | Reached XP level 7. HP: 57/57 MP: 7/7
  3862 | Sewer    | Reached * piety under Beogh
  3994 | Sewer    | Reached skill level 10 in Axes
  4352 | D:5      | Found a deep blue altar of Sif Muna.
  4927 | D:6      | Reached skill level 11 in Axes
  5028 | D:6      | Reached XP level 8. HP: 60/64 MP: 8/8
  5052 | D:6      | Found an iron altar of Okawaru.
  5068 | D:6      | Found Onnos's Magic Scroll Emporium.
  5075 | D:6      | Reached ** piety under Beogh
  5106 | D:6      | Reached skill level 12 in Axes
  5140 | D:6      | Found a staircase to the Ecumenical Temple.
  5607 | D:7      | Noticed a hellwing
  5610 | D:7      | Noticed a hellwing
  5628 | D:6      | Reached skill level 13 in Axes
  5941 | D:7      | Found a basalt altar of Yredelemnul.
  5949 | D:7      | Reached skill level 14 in Axes
  5949 | D:7      | Reached XP level 9. HP: 65/70 MP: 7/9
  6084 | D:7      | Reached skill level 15 in Axes
  6111 | D:7      | Killed a hellwing
  6111 | D:7      | Reached skill level 16 in Axes
  6117 | D:7      | Reached XP level 10. HP: 30/77 MP: 1/10
  6127 | D:7      | Reached *** piety under Beogh
  6132 | D:7      | Reached skill level 17 in Axes
  6330 | D:7      | Reached skill level 18 in Axes
  6852 | D:8      | Noticed Psyche
  6858 | D:8      | Killed Psyche
  6858 | D:8      | Reached skill level 1 in Dodging
  6939 | D:8      | Noticed a two-headed ogre
  6941 | D:8      | Noticed a two-headed ogre
  6948 | D:8      | HP: 1/81 [two-headed ogre/giant spiked club (13)]
  6949 | D:8      | Killed a two-headed ogre
  6949 | D:8      | Reached skill level 3 in Invocations
  6993 | D:8      | Killed a two-headed ogre
  6993 | D:8      | Reached XP level 11. HP: 21/86 MP: 3/15
  7121 | D:8      | Reached skill level 6 in Invocations
  7328 | D:8      | Found Moiryn's Assorted Antiques.
  7331 | D:8      | Bought a scroll labeled YFYNA AQANU for 19 gold pieces
  7331 | D:8      | Bought a scroll of enchant weapon for 142 gold pieces
  7331 | D:8      | Bought an emerald ring for 95 gold pieces
  7331 | D:8      | Bought a puce potion for 17 gold pieces
  7517 | D:8      | Reached **** piety under Beogh
  7548 | D:8      | Noticed a green ugly thing
  7561 | D:8      | Killed a green ugly thing
  7988 | D:9      | Found a hide-covered altar of Uskayaw.
  8331 | D:9      | Reached skill level 9 in Invocations
  8370 | D:9      | Noticed a two-headed ogre
  8384 | D:9      | Killed a two-headed ogre
  8876 | D:10     | Entered Level 10 of the Dungeon
  8924 | D:10     | Found a staircase to the Lair.
  9168 | D:10     | Reached ***** piety under Beogh
  9245 | D:10     | Found a huge runed gate.
  9246 | D:10     | Noticed a manticore
  9247 | D:10     | Noticed a manticore
  9248 | D:10     | Found a huge runed gate.
  9248 | D:10     | Found a huge runed gate.
  9248 | D:10     | Found a huge runed gate.
  9248 | D:10     | Noticed a death yak
  9250 | D:10     | Noticed a death yak
 10291 | D:11     | Reached skill level 12 in Invocations
 10314 | D:11     | Found Vup Wong's Assorted Antiques.
 10323 | D:11     | Bought a potion of curing for 57 gold pieces
 10323 | D:11     | Bought an orange potion for 17 gold pieces
 10323 | D:11     | Bought a scroll of blinking for 142 gold pieces
 10446 | D:11     | Found Ecieror's Antique Weapon Boutique.
 10459 | D:11     | Noticed a purple ugly thing
 10481 | D:11     | Killed a purple ugly thing
 10488 | D:11     | Noticed a cyan ugly thing
 10497 | D:11     | Killed a cyan ugly thing
 10749 | D:11     | Found Doodeo's Antique Weapon Boutique.
 11212 | D:12     | Reached XP level 12. HP: 62/94 MP: 13/21
 11351 | D:12     | Found a staircase to the Orcish Mines.
 11359 | D:12     | Gained Grimold as an ally
 11427 | D:12     | Found a labyrinth entrance.
 11436 | Lab      | Entered a labyrinth
 11789 | Lab      | Noticed a minotaur
 11800 | Lab      | Killed a minotaur
 11802 | Lab      | Got an uncursed shimmering demon trident {speed}
 11894 | Lab      | Identified the +8 demon trident of Sosikh {speed, rC+ Int+9} (You took it off a minotaur in a labyrinth)
 11926 | Orc:1    | Entered Level 1 of the Orcish Mines
 11978 | Orc:1    | Noticed an orc warlord
 11991 | Orc:1    | Reached skill level 15 in Invocations
 11992 | Orc:1    | HP: 1/94 [orc warrior/scimitar[an orc warlord] (18)]
 11996 | Orc:1    | Gained Margrim as an ally
 12000 | Orc:1    | Killed an orc warlord
 12358 | Orc:2    | Entered Level 2 of the Orcish Mines
 12579 | Orc:2    | Noticed a two-headed ogre
 12586 | Orc:2    | Killed a two-headed ogre
 12613 | Orc:2    | Found a staircase to the Elven Halls.
 12752 | Orc:2    | Noticed an orc high priest
 12761 | Orc:2    | Killed an orc high priest
 12761 | Orc:2    | Gained Ogrik as an ally
 12774 | Orc:2    | Noticed Saint Roka
 12775 | Orc:2    | Your ally Margrim died
 12788 | Orc:2    | Found a roughly hewn altar of Beogh.
 12939 | Orc:2    | Noticed an orc high priest
 12950 | Orc:2    | Killed an orc high priest
 13073 | Orc:2    | Found Maoserph's Antique Armour Emporium.
 13073 | Orc:2    | Noticed an orc high priest
 13075 | Orc:2    | Killed an orc high priest
 13182 | Orc:2    | Found Egyips's Weapon Shoppe.
 13182 | Orc:2    | Noticed an orc high priest
 13294 | Orc:1    | Noticed a two-headed ogre
 13304 | Orc:1    | Killed a two-headed ogre
 13307 | Orc:1    | Noticed Harold
 13317 | Orc:1    | Killed Harold
 13317 | Orc:1    | Reached XP level 13. HP: 54/100 MP: 13/25
 13712 | Orc:2    | Found a roughly hewn altar of Beogh.
 13730 | Orc:2    | Reached skill level 18 in Invocations
 13745 | Orc:2    | Gained Thorok as an ally
 13780 | Orc:2    | Your ally Thorok died
 13865 | Orc:2    | Found Enod's Gadget Boutique.
 14131 | Orc:2    | Found Asek's Armour Shop.
 14373 | Orc:2    | Gained Ortolf as an ally
 14550 | Lair:1   | Entered Level 1 of the Lair of Beasts
 14597 | Lair:1   | Found a frozen archway.
 14652 | IceCv    | Entered an ice cave
 14909 | IceCv    | Reached ****** piety under Beogh
 15316 | IceCv    | Found an ancient bone altar of Kikubaaqudgha.
 15814 | Lair:1   | Found a hide-covered altar of Uskayaw.
 16405 | Lair:2   | Found a snail-covered altar of Cheibriados.
 16658 | Lair:2   | Identified a scroll of acquirement
 16661 | Lair:2   | Got a slimy executioner's axe
 16668 | Lair:2   | Identified the +9 executioner's axe of Tittaleno {drain, Fragile rF++ Str+5} (You acquired it on level 2 of the Lair of Beasts)
 16712 | Lair:2   | Gained Ugrim as an ally
 16736 | Lair:2   | Found a staircase to the Swamp.
 17137 | Lair:3   | Your ally Ogrik died
 17149 | Lair:3   | Reached skill level 19 in Axes
 17264 | Lair:3   | Reached XP level 14. HP: 83/107 MP: 22/28
 17741 | Lair:3   | Found a staircase to the Snake Pit.
 18866 | Lair:4   | Got an ancient ring mail
 18931 | Lair:5   | Reached skill level 20 in Axes
 19684 | Lair:6   | Entered Level 6 of the Lair of Beasts
 19957 | Lair:6   | Reached skill level 21 in Axes
 20199 | Lair:6   | Found a staircase to the Slime Pits.
 20207 | Lair:6   | Gained Bogwald as an ally
 20697 | Lair:6   | Reached skill level 22 in Axes
 21242 | D:10     | Reached XP level 15. HP: 86/113 MP: 22/29
 21547 | D:12     | Gained Arbeogh as an ally
 21939 | D:13     | Noticed Urug
 21945 | D:13     | Killed Urug
 22118 | D:13     | Noticed Sonja
 22119 | D:13     | Killed Sonja
 22418 | D:13     | Reached skill level 23 in Axes
 22425 | D:13     | Gained Korbok as an ally
 22520 | D:13     | Found a gate to the Vaults.
 23149 | D:14     | Gained Morguth as an ally
 23615 | D:14     | Reached skill level 24 in Axes
 23946 | D:15     | Entered Level 15 of the Dungeon
 24222 | D:15     | Noticed Rupert
 24222 | D:15     | Found a staircase to the Depths.
 24230 | D:15     | Killed Rupert
 24480 | D:15     | Found a hide-covered altar of Uskayaw.
 24561 | D:15     | Reached skill level 25 in Axes
 24564 | D:15     | Reached XP level 16. HP: 58/119 MP: 30/30
 24566 | D:15     | Noticed Roxanne
 24673 | D:15     | Killed Roxanne
 24680 | D:15     | Identified Roxanne's Grimoire of Transformation (You took it off Roxanne on level 15 of the Dungeon)
 25148 | Snake:1  | Entered Level 1 of the Snake Pit
 26192 | Snake:1  | Your ally Bogwald died
 26207 | Snake:1  | Reached skill level 26 in Axes
 26476 | Snake:2  | Found Onnaj's Magic Scroll Shoppe.
 26487 | Snake:2  | Found Lathron's Food Emporium.
 26491 | Snake:2  | Bought a scroll of enchant armour for 112 gold pieces
 26491 | Snake:2  | Bought a scroll of remove curse for 45 gold pieces
 26491 | Snake:2  | Bought a scroll of teleportation for 45 gold pieces
 26491 | Snake:2  | Bought a scroll of remove curse for 45 gold pieces
 26491 | Snake:2  | Bought a scroll of teleportation for 45 gold pieces
 26491 | Snake:2  | Bought a scroll of teleportation for 45 gold pieces
 26777 | Snake:2  | Noticed Donald
 26784 | Snake:2  | Killed Donald
 27092 | Snake:3  | Noticed Jorgrun
 27094 | Snake:3  | Noticed Aizul
 27095 | Snake:3  | Killed Jorgrun
 27096 | Snake:3  | Noticed CcS's ghost (adept SpEn)
 27102 | Snake:3  | Killed Aizul
 27111 | Snake:3  | Killed CcS's ghost
 27147 | Snake:2  | Your ally Ortolf died
 27317 | Snake:3  | Found Bafac's Magic Scroll Emporium.
 27329 | Snake:3  | Bought a scroll of identify for 28 gold pieces
 27329 | Snake:3  | Bought a scroll of teleportation for 42 gold pieces
 27329 | Snake:3  | Bought a scroll of blinking for 105 gold pieces
 27343 | Snake:3  | Reached skill level 27 in Axes
 27353 | Snake:3  | HP: 2/122 [naga sharpshooter/bolt[Vashnia] (25)]
 27355 | Snake:3  | Shot with a bolt by a naga sharpshooter

Vault maps used:
D:1:      dpeg_arrival_erosion
D:2:      first_bread
D:3:      makhleb_altar_promises_db, gammafunk_temple_overflow_wave,
          kennysheep_generic_room_10
D:4:      st_stairs_13, kennysheep_cluttered_room, minmay_box_of_dots
D:5:      lemuel_doored_altar, gup_sewer_entry_spiral
D:6:      kennysheep_okawaru_gauntlet, minmay_temple_entry_statues_pillars,
          serial_shops, nicolae_shop_statue_plus, minivault_25
D:7:      cheibrodos_grave_circle, lemuel_mausoleum_altar_yredelemnul,
          minmay_tree_intersection
D:8:      minmay_quarter_circles, serial_shops, kennysheep_mini_moat,
          uniq_psyche
D:9:      overflow_temple_1_default
D:10:     lemuel_bear_cage, erik_lair_orcish_takeover, serial_column_ruins,
          column_ruins_hut, column_ruins_corridor_dead_end,
          column_ruins_columns_straight, column_ruins_open_medium,
          column_ruins_grid_1, column_ruins_columns_corner,
          column_ruins_columns_dead_end, hangedman_little_slice_of_home,
          abandoned_shop, nicolae_zen_rock_garden, st_stairs_14
D:11:     serial_shops, shop, shop, nicolae_shop_overgrown_old_shop
D:12:     erik_orc_4, lab_entry_generic, hangedman_abyss_or_decor_lesser_grid
D:13:     grunt_vaults_entry_tiered, uniq_sonja, uniq_urug
D:15:     hangedman_depths_entry_try_elsewhere_first, lemuel_tele_altar,
          minivault_11, minivault_25_ag, minivault_16,
          nicolae_looking_at_the_future, uniq_roxanne, uniq_rupert
Lair:1:   portal_ice_cave_rime, lemuel_altar_in_water2
Lair:2:   minmay_swamp_entry_wisps, basic_altar, serial_bayou_shore_b,
          lemuel_fruit_fields
Lair:3:   minmay_snake_entry_guardpost_medium, serial_bayou_crossing,
          serial_bayou_shore_a
Lair:4:   lemuel_fruit_tree, infiniplex_staircase_pool, grunt_megastairs_4,
          serial_bayou_shore_b, lemuel_fruit_fields
Lair:5:   grunt_megastairs_2, serial_bayou_shore_b
Lair:6:   hangedman_lair_in_review, hangedman_lair_caniforms_friends,
          minmay_slime_entry_jelly_boxes
Snake:1:  guppyfry_library_mini, serial_bayou_shore_b, grunt_megastairs_1
Snake:2:  serial_bayou_shore_b, minmay_shoptagon, uniq_donald
Snake:3:  serial_shops, shop, st_stairs_2, minmay_shop_star, uniq_aizul,
          uniq_vashnia, uniq_jorgrun
Orc:1:    serial_shops, uniq_harold
Orc:2:    pubby_orc_utopia
Lab:      nicolae_lab_dead_adventurers, nicolae_lab_stuck
Sewer:    sewer_minmay_w
IceCv:    ice_cave_small_necro

Skill      XL: |  1  2  3  4  5  6  7  8  9 10 11 12 13 14 15 16 |
---------------+-------------------------------------------------+-----
Axes           | 3 4 5 6 8 9 11 14 16 18 19 22 25 27 | 27.0
Fighting       | 5 |  5.9
Dodging        | 1 |  1.2
Armour         | 4 |  4.0
Invocations    | 5 13 17 20 | 20.0
Shields        | |  3.9

Action                   |  1- 3 |  4- 6 |  7- 9 | 10-12 | 13-15 | 16-18 || total
-------------------------+-------+-------+-------+-------+-------+-------++-------
Melee: War axe           |    94 |   212 |   339 |   497 |   235 |       ||  1377
       Demon trident     |       |       |       |    95 |       |       ||    95
       Executioner's axe |       |       |       |       |   462 |   153 ||   615
Invok: Convert to Beogh  |       |     1 |       |       |       |       ||     1
       Smiting           |       |       |       |     9 |    36 |    21 ||    66
       Recall Orcish Fol |       |       |       |     7 |    17 |     6 ||    30
       Give Item to Name |       |       |       |     2 |     3 |     1 ||     6
       Resurrection      |       |       |       |       |     1 |       ||     1
Evoke: Wand              |       |       |       |     3 |     2 |       ||     5
  Use: Scroll            |       |    11 |     3 |    15 |    14 |     7 ||    50
       Potion            |       |       |     2 |     6 |       |     1 ||     9
 Stab: Distracted        |       |       |       |     4 |     5 |       ||     9
       Confused          |       |       |       |     2 |       |       ||     2
  Eat: Chunk             |     1 |     9 |     8 |    17 |    27 |     1 ||    63
       Fruit             |       |       |       |     9 |       |       ||     9
       Royal jelly       |       |       |       |       |     3 |     4 ||     7
Armor: Scale mail        |    35 |    62 |    96 |   151 |     4 |       ||   348
       Ice dragon scales |       |       |       |       |   367 |    72 ||   439
Dodge: Dodged            |    25 |    77 |    88 |   118 |   284 |    84 ||   676
Block: Shield            |    36 |   106 |   174 |   231 |   117 |       ||   664
       Rpst.: Executioner's axe |       |       |       |       |    57 |    17 ||    74
       War axe           |       |       |       |       |     1 |       ||     1
